 Dungeon Crawl Stone Soup version 0.31.0-12-g77e489cdc1 (webtiles) character file.

Game seed: 7851231616432465345

628 Goreval the Ruffian (level 7, -8/70 HPs)
             Began as a Troll Berserker on Mar 4, 2024.
             Was an Elder of Trog.
             Mangled by a wyvern (16 damage)
             ... on level 7 of the Dungeon.
             The game lasted 00:06:19 (2222 turns).

Goreval the Ruffian (Troll Berserker)               Turns: 2222, Time: 00:06:19

Health: -8/70      AC:  4    Str: 28    XL:     7   Next: 23%
Magic:  6/6        EV: 10    Int:  9    God:    Trog [****..]
Gold:   200        SH:  5    Dex:  9    Spells: 6/6 levels left

rFire   . .          .
                       - Unarmed
rCold   . . .        (no shield)
rNeg    + . .        a - +0 animal skin
rPois   .            (helmet restricted)
rElec   .            (no cloak)
rCorr   .            (gloves unavailable)
SInv    .            (boots unavailable)
Will    ++...        s - amulet of reflection
Stlth   +            v - +6 ring of intelligence
HPRegen 2.11/turn    u - ring of positive energy
MPRegen 0.10/turn

%: reflection
@: lethally poisoned (-8 -> -8), strong-willed, on berserk cooldown,
regenerating, slowed, very slow
A: large, unfitting armour, claws 3, regeneration 1, shaggy fur 1, tough skin 1
a: Renounce Religion, Berserk, Trog's Hand, Brothers in Arms


You were on level 7 of the Dungeon.
You worshipped Trog.
Trog was greatly pleased with you.
You visited 1 branch of the dungeon, and saw 6 of its levels.
You also visited: Sewer.

You collected 200 gold pieces.

Inventory:

Missiles
 d - 57 stones (quivered)
 n - a throwing net
Armour
 a - a +0 animal skin (worn)
Jewellery
 s - an amulet of reflection (around neck)
 u - a ring of positive energy (right claw)
 v - a +6 ring of intelligence (left claw)
 w - an amulet of faith
Talismans
 e - a talisman of death
Wands
 p - a wand of flame (22)
Scrolls
 c - 6 scrolls of identify {unknown}
 f - 2 scrolls of acquirement {unknown}
 g - a scroll of torment {unknown}
 i - a scroll of teleportation {unknown}
 l - a scroll of enchant armour {unknown}
 o - a scroll of blinking {unknown}
 q - a scroll of noise {unknown}
 r - 2 scrolls of immolation {unknown}
 y - a scroll of vulnerability {unknown}
Potions
 b - a potion of degeneration {unknown}
 h - 3 potions of enlightenment {unknown}
 j - 5 potions of brilliance {unknown}
 k - 2 potions of curing {unknown}
 m - a potion of haste {unknown}
 t - 2 potions of mutation {unknown}
 x - a potion of ambrosia {unknown}
 z - a potion of heal wounds {unknown}
 A - 3 potions of lignification {unknown}
 B - a potion of might {unknown}


   Skills:
 + Level 4.0 Fighting
 + Level 4.0 Dodging
 * Level 6.3 Unarmed Combat


You had 6 spell levels left.
You didn't know any spells.
Your spell library was empty.

Dungeon Overview and Level Annotations

Branches:
Dungeon (7/15) Zot: 26987   Sewer (visited)
 Temple: D:4-7

Altars:


Innate Abilities, Weirdness & Mutations

You are too large for most types of armour.
You have claws for hands.
Your natural rate of healing is unusually fast.
You are covered in fur. (AC +1)
You have tough skin. (AC +1)


Message History

The water moccasin bites you!
You are poisoned.
The water moccasin poisons you!
There is a stone staircase leading up here.
You barely miss the water moccasin.
You feel very sick.
The killer bee stings you but does no damage.
A wyvern comes into view.
The water moccasin bites you.
You are more poisoned.
The water moccasin poisons you! The killer bee closely misses you.
The water moccasin misses you.
You closely miss the killer bee.
You feel very sick.
The killer bee stings you. x2; The water moccasin closely misses you.
The killer bee barely misses you.
The water moccasin bites you but does no damage.
You miss the killer bee.
You feel very sick. The killer bee stings you. The killer bee misses you.
The water moccasin bites you. The killer bee barely misses you.
The water moccasin barely misses you.
You're still recovering from your berserk rage.
You fail to use your ability.
You feel very sick.
The killer bee stings you. x2; The wyvern closely misses you.
The water moccasin bites you. You block the killer bee's attack.
The water moccasin closely misses you. The wyvern bites you!
* * * LOW HITPOINT WARNING * * *
Your skin crawls.
You feel strong-willed.
You feel sick.
The killer bee stings you but does no damage.
The killer bee stings you.
* * * LOW HITPOINT WARNING * * *
The wyvern bites you!
* * * LOW HITPOINT WARNING * * *
The water moccasin closely misses you. You block the killer bee's attack.
The wyvern bites you!
You die...

######## #####
# .........
)...# ...
.<.......
....#....
......... #
.........
........#.#
#........
........#.
####. #........
.........
......
#........
#.....k##......
#........
#.....@.>......
#........
#....S.y#.....
..#+###..
#.......# ...
..#......
###...#.# .
........
###.#.#
......... #.#.#
.#.#..... #.#.#
.#.#..... .
##.#.# # .
.........
..##....# .# ..


You could see a water moccasin, a wyvern and a killer bee.

Vanquished Creatures
  An orc warrior (D:7)
  A sky beast (D:7)
  A phantom (D:7)
  2 orc priests
  Ijyb (D:4)
  3 orc wizards
  A hell rat (Sewer)
  3 river rats
  5 adders
  A ribbon worm (D:2)
  A dart slug (D:2)
  9 orcs
  11 endoplasms
  4 giant cockroaches
  4 goblins
  5 hobgoblins
  6 jackals
  3 kobolds
  3 quokkas
  4 ball pythons
  8 bats
  4 frilled lizards
  36 rats
117 creatures vanquished.

Notes
Turn   | Place    | Note
-------+----------+-------------------------------------------
     0 | D:1      | Goreval the Troll Berserker began the quest for the Orb.
     0 | D:1      | Reached XP level 1. HP: 22/22 MP: 0/0
    60 | D:1      | Reached XP level 2. HP: 26/29 MP: 1/1
   276 | D:1      | Reached ** piety under Trog
   653 | D:2      | Reached XP level 3. HP: 36/36 MP: 2/2
   816 | D:2      | Reached skill level 4 in Unarmed Combat
   837 | D:2      | Reached XP level 4. HP: 36/44 MP: 3/3
  1222 | D:3      | Reached XP level 5. HP: 30/53 MP: 4/4
  1273 | D:3      | Reached *** piety under Trog
  1448 | D:3      | Found a glowing drain.
  1452 | Sewer    | Entered a sewer
  1493 | Sewer    | Reached skill level 5 in Unarmed Combat
  1853 | D:4      | Reached XP level 6. HP: 61/61 MP: 5/5
  1865 | D:4      | Reached **** piety under Trog
  1959 | D:4      | Noticed Ijyb
  1967 | D:4      | Killed Ijyb
  1992 | D:4      | You fall into a shaft and drop 3 floors!
  2120 | D:7      | Noticed an orc warrior
  2135 | D:7      | Killed an orc warrior
  2181 | D:7      | Noticed a sky beast
  2193 | D:7      | Killed a sky beast
  2194 | D:7      | Reached skill level 6 in Unarmed Combat
  2194 | D:7      | Reached XP level 7. HP: 68/68 MP: 6/6
  2218 | D:7      | Noticed a wyvern
  2222 | D:7      | Mangled by a wyvern

Illustrated notes

Levels and vault maps discovered:
D:1:      dpeg_arrival_pits, layout_loops_ring, st_stairs_3, minmay_heptomino_d4
D:2:      layout_basic
D:3:      layout_rooms, gup_sewer_entry_spiral, due_unseen_surprise
D:4:      layout_gridville, minmay_temple_entry_sparse_star, minmay_rat_hole,
          uniq_blork_the_orc, uniq_ijyb, uniq_edmund
D:6:      layout_basic, nicolae_overflow_squiral,
          nicolae_uskayaw_murder_on_the_dancefloor, uniq_crazy_yiuf_cottage,
          uniq_jeremiah
D:7:      layout_basic, lightli_minifort

Skill      XL: |  1  2  3  4  5  6  7 |
---------------+----------------------+-----
Unarmed Combat | 4 5 6 |  6.3
Dodging        | 3 4 |  4.0
Fighting       | 3 4 |  4.0

Action                     |  1- 3 |  4- 6 |  7- 9 || total
---------------------------+-------+-------+-------++-------
  Melee: Unarmed           |    77 |   177 |     8 ||   262
         Punch             |     2 |     2 |       ||     4
 Invoke: Berserk           |       |     3 |       ||     3
         Trog's Hand       |       |       |     1 ||     1
   Stab: Sleeping          |       |     1 |       ||     1
 Armour: Animal skin       |    49 |   100 |    24 ||   173
  Dodge: Dodged            |    39 |    68 |    15 ||   122
  Block: Other             |       |    30 |     3 ||    33
